 Dungeon Crawl Stone Soup version 0.31.0-32-g396128a36d (webtiles) character file.

Game seed: 10519235954722737030

82 persistantfolly the Chiller (level 4, 0/34 HPs)
             Began as a Demigod Ice Elementalist on Mar 17, 2024.
             Slain by a gnoll
             ... wielding a +0 flail
              (8 damage)
             ... on level 2 of the Dungeon.
             The game lasted 00:06:58 (1201 turns).

persistantfolly the Chiller (DgIE)                  Turns: 1201, Time: 00:07:00

Health: 0/34       AC:  4    Str:  9    XL:     4   Next: 1%
Magic:  5/10       EV: 12    Int: 23    God:
Gold:   135        SH:  0    Dex: 18    Spells: 3/7 levels left

rFire   . . .        h - +0 rapier
rCold   . . .        (no shield)
rNeg    . . .        a - +0 robe
rPois   .            g - +0 helmet
rElec   .            (no cloak)
rCorr   .            p - +0 pair of gloves
SInv    .            (no boots)
Will    .....        (no amulet)
Stlth   ++           l - +6 ring of intelligence
HPRegen 0.25/turn    (no ring)
MPRegen 0.12/turn

%: no passive effects
@: freezing walls
A: high MP 1, forlorn, divine attributes
a: no special abilities


You were on level 2 of the Dungeon.
You visited 1 branch of the dungeon, and saw 2 of its levels.

You collected 135 gold pieces.

Inventory:

Hand Weapons
 e - a +0 dagger
 h - a +0 rapier (weapon)
Missiles
 o - 2 atropa-tipped darts
Armour
 a - a +0 robe (worn)
 g - a +0 helmet (worn)
 p - a +0 pair of gloves (worn)
Jewellery
 d - an amulet of guardian spirit
 l - a +6 ring of intelligence (left hand)
Scrolls
 c - 2 scrolls of identify {unknown}
 f - 2 scrolls of teleportation {unknown}
 m - a scroll of immolation {unknown}
 n - a scroll of poison {unknown}
 q - a scroll of fear {unknown}
Potions
 b - a potion of magic
 i - a potion of mutation {unknown}
 j - a potion of invisibility {unknown}
 k - 2 potions of curing {unknown}


   Skills:
 * Level 0.6 Fighting
 * Level 0.7 Throwing
 * Level 2.0 Dodging
 - Level 2.0 Stealth
 * Level 2.4 Spellcasting
 * Level 4.4 Ice Magic


You had 3 spell levels left.
You knew the following spells:

 Your Spells              Type           Power      Damage    Failure   Level
z - Freeze                Ice            92%        1d9       1%          1
R - Frozen Ramparts       Ice            46%        1d7       6%          3

Your spell library contained the following spells:

 Spells                   Type           Power      Damage    Failure   Level
 Ozocubu's Armour         Ice            23%        N/A       6%          3
 Apportation              Tloc           4%         N/A       12%         1
 Necrotise                Necr           8%         1d4       12%         1
 Sting                    Conj/Alch      8%         1d3       12%         1
 Summon Small Mammal      Summ           8%         N/A       12%         1
 Summon Ice Beast         Ice/Summ       13%        N/A       14%         3


Dungeon Overview and Level Annotations

Branches:
Dungeon (2/15)


Innate Abilities, Weirdness & Mutations

You have an increased reservoir of magic. (+10% MP)
You shall have no god before yourself.
Your divine heritage dramatically boosts your attributes as you level up.


Message History

The gnoll shouts!
The wall freezes the gnoll.
You hit the gnoll but do no damage.
The gnoll is moderately wounded.
The wall freezes the gnoll. x2
You hit the gnoll.
The gnoll is severely wounded.
The wall freezes the gnoll.
The gnoll hits you with a +0 club.
The wall freezes the gnoll!
The gnoll hits you with a +0 whip.
The wall freezes the gnoll but does no damage.
You hit the gnoll.
You kill the gnoll!
The wall freezes the gnoll. x3; The gnoll hits you with a +0 whip.
The wall freezes the gnoll. x2
You kill the gnoll!
The wall freezes the gnoll.
The gnoll hits you with a +0 flail!
* * * LOW HITPOINT WARNING * * *
Unknown command.
Unknown command.
Casting: Frozen Ramparts (quite dangerous; 6% risk of failure)
Confirm with . or Enter, or press ? or * to list all spells.
Aiming: Freeze (safe; 1% risk of failure)
Press: ? - help, Shift-Dir - straight line, f - gnoll
Aim: a gnoll, wielding a +0 flail (heavily wounded)
You freeze the gnoll!
You kill the gnoll!
The wall freezes the frilled lizard.
You kill the frilled lizard!
The wall freezes the gnoll.
Your Dodging skill increases to level 2!
You have reached level 4!
Casting: Freeze (safe; 1% risk of failure)
Confirm with . or Enter, or press ? or * to list all spells.
Aiming: Freeze (safe; 1% risk of failure)
Press: ? - help, Shift-Dir - straight line, f - gnoll
Aim: a gnoll, wielding a +0 flail (moderately wounded)
You freeze the gnoll.
The gnoll is moderately wounded.
The wall freezes the gnoll.
The gnoll hits you with a +0 flail!
You die...

# #..#########
##....... #
#####.†#####
#........
###..........##
#........
..............##
#........
...............#
#........
..........>....#
#........
...............##
#........
................###
#........
#...............@g#
#........
##............###).#
#........
##..........## #.#
#........
############ †.#
#........ ...
....[.... ....
^.......# .... ....


You could see a gnoll.

Vanquished Creatures
  3 gnolls (D:2)
  An adder (D:2)
  A dart slug (D:1)
  A ribbon worm (D:2)
  8 endoplasms
  2 giant cockroaches (D:1)
  2 hobgoblins
  2 kobolds (D:1)
  2 quokkas (D:1)
  A ball python (D:2)
  4 bats
  A frilled lizard (D:2)
  8 goblins
  2 rats
38 creatures vanquished.

Notes
Turn   | Place    | Note
-------+----------+-------------------------------------------
     0 | D:1      | persistantfolly the Demigod Ice Elementalist began the
                  | quest for the Orb.
     0 | D:1      | Reached XP level 1. HP: 14/14 MP: 5/5
   134 | D:1      | Reached XP level 2. HP: 20/20 MP: 0/7
   370 | D:1      | Reached skill level 4 in Ice Magic
   910 | D:2      | Reached XP level 3. HP: 27/27 MP: 4/8
  1016 | D:1      | Learned a level 3 spell: Frozen Ramparts
  1201 | D:2      | Reached XP level 4. HP: 7/34 MP: 6/10
  1201 | D:2      | Slain by a gnoll

Illustrated notes

Levels and vault maps discovered:
D:1:      wander_arrival_peaceful_grave, layout_basic
D:2:      layout_rooms, basic_altar, roderic_serpentine_path

Skill      XL: |  1  2  3 |
---------------+----------+-----
Spellcasting   | 2 |  2.4
Ice Magic      | 4 |  4.4
Stealth        | 2 |  2.0
Dodging        | 2 |  2.0
Fighting       | |  0.6
Throwing       | |  0.7

Action                     |  1- 3 |  4- 6 || total
---------------------------+-------+-------++-------
  Melee: Dagger            |     7 |       ||     7
         Rapier            |    38 |       ||    38
   Cast: Freeze            |    34 |     1 ||    35
         Frozen Ramparts   |     2 |       ||     2
   Stab: Sleeping          |     3 |       ||     3
 Armour: Robe              |    30 |     1 ||    31
  Dodge: Dodged            |    37 |       ||    37
